 Dungeon Crawl Stone Soup version 0.20.1-1-g8b1a95d (webtiles) character file.

812 rgaf the Insei (level 7, 0/57 HPs)
             Began as a Naga Transmuter on Oct 15, 2017.
             Was a Believer of Cheibriados.
             Slain by a wight
             ... wielding a +3 scimitar
              (7 damage)
             ... on level 6 of the Dungeon.
             The game lasted 00:08:35 (7567 turns).

rgaf the Insei (Naga Transmuter)                    Turns: 7567, Time: 00:08:36

Health: 0/57       AC:  5    Str: 16    XL:     7   Next: 93%
Magic:  7/12       EV: 11    Int: 27    God:    Cheibriados [**....]
Gold:   240        SH:  0    Dex: 16    Spells: 1/12 levels left

rFire    . . .     SeeInvis +     - Unarmed
rCold    . . .     Gourm    .   (shield currently unavailable)
rNeg     . . .     Faith    .   m - +1 ring mail of Wuonyporgh {Int+5}
rPois    +         Spirit   .   (no helmet)
rElec    .         Reflect  .   (no cloak)
rCorr    .         Harm     .   (gloves currently unavailable)
MR       .....     Rnd*Tele +   (no barding)
Stlth    +.........             (no amulet)
Regen    0.2/turn               h - +3 ring of evasion
MPRegen  0.2/turn               x - ring of teleportation (curse)

@: brilliant, blade hands, drained, very slow
A: see invisible, deformed body, dopey 1, mutation resistance 1, poison
resistance, slowness 2, slow metabolism 1, spit poison 1, AC +2
a: Spit Poison, End Transformation, Bend Time, Renounce Religion


You were on level 6 of the Dungeon.
You worshipped Cheibriados.
Cheibriados was pleased with you.
You were hungry.
You had blades for hands.
You visited 2 branches of the dungeon, and saw 7 of its levels.

You collected 240 gold pieces.

Inventory:

Missiles
 a - 70 arrows
 l - 160 stones (quivered)
Armour
 b - a +0 robe
 m - the +1 ring mail of Wuonyporgh (worn) {Int+5}
   (You found it on level 5 of the Dungeon)

   It affects your intelligence (+5).
 p - a +0 buckler of reflection (melded)
 u - a +0 chain mail
Jewellery
 h - a +3 ring of evasion (left scythe-like blade)
 x - a cursed ring of teleportation (right scythe-like blade)
Scrolls
 e - a scroll of magic mapping
 q - a scroll of identify
 r - a scroll of enchant weapon
Potions
 j - a potion of haste
 n - a potion of agility
 s - a potion of heal wounds
 v - a potion of cancellation
 w - a potion of curing {unknown}
Books
 c - a book of Changes

   Spells                             Type                      Level
   a - Beastly Appendage              Transmutation                1
   b - Sticks to Snakes               Transmutation                2
   c - Spider Form                    Transmutation/Poison         3
   d - Ice Form                       Ice/Transmutation            4
   e - Blade Hands                    Transmutation                5
Comestibles
 d - 4 bread rations
 f - 2 meat rations
 g - 4 fruits
 k - 4 royal jellies


   Skills:
 - Level 1.0(0.5) Fighting
 - Level 1.5(1.1) Dodging
 + Level 6.4(5.9) Unarmed Combat
 + Level 3.4(2.9) Spellcasting
 + Level 5.9(5.3) Transmutations


You had one spell level left.
You knew the following spells:

 Your Spells              Type           Power        Failure   Level  Hunger
a - Beastly Appendage     Tmut           #####.       2%          1    None
b - Spider Form           Tmut/Pois      ####......   9%          3    ###....
c - Sticks to Snakes      Tmut           #####...     3%          2    ##.....
d - Blade Hands           Tmut           #####.....   17%         5    ######.


Dungeon Overview and Level Annotations

Branches:
Dungeon (6/15)             Temple (1/1) D:4

Altars:
Ashenzari
Cheibriados
Dithmenos
Elyvilon
Fedhas
Hepliaklqana
Makhleb
Nemelex Xobeh
Okawaru
Qazlal
Ru
Trog
Uskayaw
Vehumet
Xom
Yredelemnul
Zin


Innate Abilities, Weirdness & Mutations

You cannot wear boots.
Your serpentine skin is tough. (AC +2)
You have supernaturally acute eyesight. (SInv)
Armour fits poorly on your strangely shaped body.
Your system is resistant to poisons. (rPois)
You cover ground very slowly.
You have a slow metabolism.
You can spit poison.
You are dopey. (Int -2)
You are somewhat resistant to further mutation.


Message History

You feel drained.
* * * LOW HITPOINT WARNING * * *
You closely miss the wight.
The wight is almost destroyed.
You slice the wight!!
You destroy the wight!
Cheibriados thoroughly appreciates the change of pace.
The wight hits you but does no damage.
You hit the wight.
The wight is moderately damaged.
You hit the wight but do no damage. Your slash misses the wight.
The wight is moderately damaged.
The wight hits you with an enchanted scimitar!
* * * LOW HITPOINT WARNING * * *
You feel drained.
* * * LOW HITPOINT WARNING * * *
You hit the wight.
The wight is severely damaged.
The wight hits you with an enchanted scimitar!
You die...

#.=............
...)....#....
...o.#.o..#.
.....a.c#..#
.....#()##.#
.......c##.#
.....#zz.zo#
.....#o###z#
.... #. #@# #..
#. #.# #.. #.
..# .. ...#
......# ####.#
#.. #..


You could see 2 wights and an orc.

Vanquished Creatures
  2 ogres (D:4)
  A scorpion (D:5)
  A wight (D:6)
  2 crimson imps
  A hound (D:4)
  An orc priest (D:6)
  Jessica (D:2)
  2 orc wizards
  An iguana (D:5)
  4 worker ants
  2 hound zombies
  2 hound skeletons (D:5)
  A worker ant zombie (D:5)
  9 adders
  A dart slug (D:2)
  2 leopard geckos (D:4)
  13 orcs
  2 ball pythons
  8 bats
  3 giant cockroaches
  8 goblins
  5 hobgoblins
  2 jackals (D:1)
  6 kobolds
  2 quokkas
  5 frilled lizards
  A leopard gecko skeleton (D:5)
  6 rats
94 creatures vanquished.

Notes
Turn   | Place    | Note
-------+----------+-------------------------------------------
     0 | D:1      | rgaf the Naga Transmuter began the quest for the Orb.
     0 | D:1      | Reached XP level 1. HP: 18/18 MP: 3/3
   580 | D:1      | Reached XP level 2. HP: 20/25 MP: 5/5
  1072 | D:2      | Found a shadowy altar of Dithmenos.
  1088 | D:2      | Reached XP level 3. HP: 15/31 MP: 6/6
  1550 | D:2      | Found a faded altar of an unknown god.
  1559 | D:2      | Noticed Jessica
  1572 | D:2      | Killed Jessica
  1572 | D:2      | Reached skill level 4 in Unarmed Combat
  1572 | D:2      | Reached XP level 4. HP: 21/38 MP: 7/7
  3593 | D:3      | Reached XP level 5. HP: 16/44 MP: 8/8
  3973 | D:3      | HP: 2/44 [orc wizard/puff of flame (4)]
  4450 | D:3      | Gained mutation: You are dopey. (Int -2) [potion of mutation]
  4450 | D:3      | Gained mutation: You are somewhat resistant to further mutation. [potion of mutation]
  4655 | D:4      | Found a staircase to the Ecumenical Temple.
  4686 | Temple   | Entered the Ecumenical Temple
  4905 | Temple   | Became a worshipper of Cheibriados the Contemplative
  5007 | D:4      | Noticed an ogre
  5018 | D:4      | Killed an ogre
  5018 | D:4      | Reached skill level 5 in Unarmed Combat
  5018 | D:4      | Reached XP level 6. HP: 51/51 MP: 9/9
  5669 | D:4      | Learned a level 3 spell: Spider Form
  5672 | D:4      | Learned a level 2 spell: Sticks to Snakes
  5978 | D:5      | Entered Level 5 of the Dungeon
  6041 | D:5      | Reached skill level 5 in Transmutations
  6048 | D:5      | Found a shattered altar of Ashenzari.
  6505 | D:5      | Reached * piety under Cheibriados
  6524 | D:5      | Got a smoking ring mail
  6535 | D:5      | Identified the +1 ring mail of Wuonyporgh {Int+5} (You found it on level 5 of the Dungeon)
  6666 | D:5      | Reached XP level 7. HP: 37/57 MP: 10/10
  6821 | D:5      | Reached skill level 6 in Unarmed Combat
  7484 | D:5      | Learned a level 5 spell: Blade Hands
  7544 | D:6      | Reached ** piety under Cheibriados
  7567 | D:6      | Slain by a wight

Skill      XL: |  1  2  3  4  5  6  7 |
---------------+----------------------+-----
Unarmed Combat | 4 5 6 |  6.4
Transmutations | 3 4 5 |  5.9
Spellcasting   | 3 |  3.4
Fighting       | |  1.0
Dodging        | |  1.5

Action                   |  1- 3 |  4- 6 |  7- 9 || total
-------------------------+-------+-------+-------++-------
Melee: Unarmed           |    90 |   332 |   105 ||   527
       Punch             |     1 |       |       ||     1
Throw: Stone             |       |     4 |       ||     4
 Cast: Spider Form       |       |       |     1 ||     1
       Blade Hands       |       |       |     1 ||     1
  Use: Scroll            |       |    11 |     3 ||    14
       Potion            |       |     6 |     3 ||     9
  Eat: Chunk             |       |    10 |     1 ||    11
       Meat ration       |       |     1 |       ||     1
Armor: Robe              |    17 |    83 |       ||   100
       Skin              |       |    18 |     1 ||    19
       Ring mail         |       |     3 |    28 ||    31
Dodge: Dodged            |    60 |   154 |    73 ||   287
Block: Buckler           |       |    37 |    15 ||    52
       Reflection        |       |     1 |       ||     1
